 Dungeon Crawl Stone Soup version 0.29-a0-780-g652cadfb38 (webtiles) character file.

Game seed: 9646450060768894861

4 27snakeeyes612 the Trooper (level 1, -1/21 HPs)
             Began as a Naga Fighter on July 2, 2022.
             Slain by a kobold
             ... wielding a +0 whip
              (5 damage)
             ... on level 1 of the Dungeon.
             The game lasted 00:00:05 (41 turns).

27snakeeyes612 the Trooper (Naga Fighter)             Turns: 41, Time: 00:00:06

Health: -1/21      AC:  3    Str: 18    XL:     1   Next: 60%
Magic:  1/1        EV:  7    Int:  8    God:
Gold:   0          SH:  4    Dex: 10    Spells: 0/0 levels left

rFire   . . .      SeeInvis +   a - +0 flail
rCold   . . .      Faith    .   c - +0 buckler
rNeg    . . .      Spirit   .   b - +0 scale mail
rPois   +          Reflect  .   (no helmet)
rElec   .          Harm     .   (no cloak)
rCorr   .          Rampage  .   (no gloves)
Will    .....                   (no barding)
Stlth   ..........              (no amulet)
HPRegen 0.07/turn               (no ring)
MPRegen 0.07/turn               (no ring)

@: very slow
A: AC +0, large, see invisible, deformed body, poison resistance, slowness 2,
spit poison 1, naga tail 1
a: Spit Poison


You were on level 1 of the Dungeon.
You visited 1 branch of the dungeon, and saw 1 of its levels.

Inventory:

Hand Weapons
 a - a +0 flail (weapon)
Armour
 b - a +0 scale mail (worn)
 c - a +0 buckler (worn)
Potions
 d - a potion of might


   Skills:
 + Level 3.0 Fighting
 + Level 2.1 Maces & Flails
 + Level 2.4 Armour
 + Level 2.7 Shields


You couldn't memorise any spells.
You didn't know any spells.
Your spell library was empty.

Dungeon Overview and Level Annotations

Branches:
Dungeon (1/15)

Altars:


Innate Abilities, Weirdness & Mutations

Your serpentine skin is tough. (AC +0)
You have supernaturally acute eyesight. (SInv)
Armour fits poorly on your strangely shaped body.
Your system is resistant to poisons. (rPois)
You cover ground very slowly.
You can spit poison.
You have a snake-like lower body.


Message History

The stone hits you but does no damage. The ball python bites you.
The rat bites you.
You completely miss the rat. You block the ball python's attack.
The rat bites you. x2; You block the ball python's attack.
You sock the rat!
You kill the rat!
The rat barely misses you. The ball python barely misses you.
The rat bites you. You block the kobold's attack.
The kobold throws a stone.
The stone barely misses you. The ball python barely misses you.
You block the ball python's attack.
There is an open door here.
Aiming: Spit Poison (3% risk of failure)
Press: ? - help, Q - select action Shift-Dir - straight line, f - ball python
Aim: a ball python (48% to hit)
You fail to use your ability.
The rat barely misses you. The ball python bites you.
The rat attacks as you move away! You block the rat's attack.
The ball python attacks as you move away!
The ball python barely misses you. The rat closely misses you.
The rat attacks as you move away! The rat bites you but does no damage.
The rat bites you but does no damage.
Aiming: Spit Poison (3% risk of failure)
Press: ? - help, Q - select action Shift-Dir - straight line, f - rat
Aim: a rat (53% to hit)
The splash of poison hits the rat.
You kill the rat!
You barely miss the ball python.
The ball python bites you but does no damage.
The ball python bites you.
You hit the ball python.
The ball python is heavily wounded.
You block the ball python's attack.
You hit the ball python.
You kill the ball python!
You have got your breath back.
The kobold hits you with a +0 whip.
* * * LOW HITPOINT WARNING * * *
You closely miss the kobold. The kobold hits you with a +0 whip.
You die...

.................
.........#.#.#.#.
........†).......
........K........
.......K.........
...###S###......
#...##+....
#####K# ...
#...@.# #.
#.###### #......#
######.# #....#
#.#### ##'##
+...+ #.<.#


You could see a kobold.

Vanquished Creatures
  A ball python (D:1)
  A goblin (D:1)
  2 rats (D:1)
4 creatures vanquished.

Notes
Turn   | Place    | Note
-------+----------+-------------------------------------------
     0 | D:1      | 27snakeeyes612 the Naga Fighter began the quest for the
                  | Orb.
     0 | D:1      | Reached XP level 1. HP: 21/21 MP: 1/1
    41 | D:1      | Slain by a kobold

Illustrated notes

Levels and vault maps discovered:
D:1:      nicolae_arrival_somewhat_less_tricky_arrival, layout_rooms,
          serial_co_window_serial, co_window_paths_b, co_window_paths_a,
          co_window_corner_a, co_window_corner_a, co_window_of_opportunity_a,
          co_window_corner_a, co_window_paths_b, co_window_corner_a,
          co_window_corner_a, co_window_corner_cb, co_window_corner_cb,
          co_window_of_opportunity_c, co_window_unsneaky_path_c,
          glass_columns_a, glass_columns_b, glass_columns_c, glass_columns_c,
          glass_columns_b, serial_shops, nicolae_lakefront_shop,
          minmay_tetromino_s4

Action                   || total
-------------------------++-------
Melee: Flail             ||     9
 Abil: Spit Poison       ||     1
Armor: Scale mail        ||     5
Dodge: Dodged            ||     8
Block: Buckler           ||     6

Table legend: (Time is in decaauts)
 A = Elapsed time spent in this place.
 B = Non-inter-level travel time spent in this place.
 C = Inter-level travel time spent in this place.
 D = Time resting spent in this place.
 E = Time spent auto-exploring this place.
 F = Levels seen in this place.
 G = Mean time per level.
                   A        B        C        D        E       F      G
               +--------+--------+--------+--------+--------+-----+--------+
         Total |     55 |     55 |      0 |      0 |     30 |   1 |   55.0 |
       Dungeon |     55 |     55 |      0 |      0 |     30 |   1 |   55.0 |
               +--------+--------+--------+--------+--------+-----+--------+

Top non-repeatable levels by time:
     D:1: 55 daAuts
